 Dungeon Crawl Stone Soup version 0.22.1-1-ga44c0e56f4 (webtiles) character file.

86 Knicklaso the Ducker (level 4, 0/29 HPs)
             Began as a Halfling Skald on Sept 26, 2018.
             Slain by a gnoll
             ... wielding a +0 spear
              (3 damage)
             ... on level 1 of the Dungeon.
             The game lasted 00:03:55 (2295 turns).

Knicklaso the Ducker (Halfling Skald)               Turns: 2295, Time: 00:03:55

Health: 0/29       AC:  3    Str: 12    XL:     4   Next: 77%
Magic:  7/7        EV: 15    Int: 12    God:
Gold:   33         SH:  0    Dex: 13    Spells: 6/7 levels left

rFire    . . .     SeeInvis .   a - +0 falchion
rCold    . . .     Gourm    .   (shield restricted)
rNeg     . . .     Faith    .   b - +0 leather armour
rPois    .         Spirit   .   (no helmet)
rElec    .         Reflect  .   (no cloak)
rCorr    .         Harm     .   (no gloves)
MR       .....                  (no boots)
Stlth    +.........             (no amulet)
HPRegen  0.09/turn              (no ring)
MPRegen  0.10/turn              (no ring)

@: no status effects
A: small, mutation resistance 1
a: no special abilities


You were on level 1 of the Dungeon.
You were hungry.

You visited 1 branch of the dungeon, and saw 2 of its levels.

You collected 33 gold pieces.

Inventory:

Hand Weapons
 a - a +0 falchion (weapon)
Missiles
 j - 112 stones (quivered)
Armour
 b - a +0 leather armour (worn)
Scrolls
 c - 2 scrolls of teleportation {unknown}
 e - 4 scrolls of identify {unknown}
 g - a scroll of immolation {unknown}
Potions
 f - 3 potions of brilliance {unknown}
 h - 2 potions of curing {unknown}
 i - 2 potions of heal wounds {unknown}
 k - a potion of degeneration {unknown}
 l - a potion of might {unknown}
 m - a potion of lignification {unknown}
 n - 2 potions of magic {unknown}
 o - a potion of haste {unknown}
 q - a potion of berserk rage {unknown}
Comestibles
 d - 6 rations
 p - 3 chunks of flesh


   Skills:
 - Level 1.7 Fighting
 + Level 3.0 Long Blades
 - Level 1.1 Armour
 + Level 3.3 Dodging
 + Level 2.3 Spellcasting
 - Level 3.2 Charms


You had 6 spell levels left.
You knew the following spells:

 Your Spells              Type           Power        Failure   Level  Hunger
a - Infusion              Chrm           #...         9%          1    ##.....

Your spell library contained the following spells:

 Spells                   Type           Power        Failure   Level  Hunger
 Song of Slaying          Chrm           #.......     13%         2    ###....
 Shroud of Golubria       Chrm/Tloc      #.........   26%         2    ###....
 Regeneration             Chrm/Necr      #.........   45%         3    ####...
 Spectral Weapon          Hex/Chrm       #.......     45%         3    ####...


Dungeon Overview and Level Annotations

Branches:
Dungeon (2/15)

Altars:


Innate Abilities, Weirdness & Mutations

You are small and have problems with some larger weapons.
You are somewhat resistant to further mutation.


Message History

The gnoll closely misses you. The dart slug launches a dart at you.
The slug dart hits you!
You hit the dart slug.
The dart slug is heavily wounded.
The gnoll hits you from afar with a spear. x2
The dart slug barely misses you. The dart slug launches a dart at you.
The slug dart hits you!
There is a stone staircase leading up here.
The gnoll closely misses you. The gnoll hits you with a spear.
There is a stone staircase leading up here.
The gnoll hits you with a spear!
* * * LOW HITPOINT WARNING * * *
The gnoll barely misses you.
You riposte.
You hit the gnoll.
The gnoll is moderately wounded.
You climb upwards.
There is a stone staircase leading down here.
The gnoll barely misses you. The gnoll hits you with a spear.
You die...

#......######)# ######
#..###.##.....#####....#
#....####.#.......#.##.#
#.##.# #.#.#####.#.##.##
#..#.####.#.....#.#.##...
#..#.......####.#.#.#####
##..§§§..g#)....#.#.#
##..§§#g>#.#...#.#.#
#..§.#@##.#.......#
#....#....#.....###
#....#..###..#..###
#.><.#............#
######......#.###.#
#......#...#.#
#..........#.#
####.#.##..#.#####
#..............#..


You could see 2 gnolls.

Vanquished Creatures
  A gnoll (D:1)
  2 adders (D:2)
  2 dart slugs
  3 leopard geckos
  A ball python (D:1)
  5 bats
  3 giant cockroaches
  8 goblins
  2 hobgoblins (D:2)
  5 jackals (D:2)
  A quokka (D:2)
  5 frilled lizards
  4 kobolds
  7 rats
49 creatures vanquished.

Notes
Turn   | Place    | Note
-------+----------+-------------------------------------------
     0 | D:1      | Knicklaso the Halfling Skald began the quest for the Orb.
     0 | D:1      | Reached XP level 1. HP: 14/14 MP: 3/3
    63 | D:1      | Reached XP level 2. HP: 14/19 MP: 4/4
   596 | D:1      | Reached XP level 3. HP: 22/24 MP: 5/5
   787 | D:1      | You fall through a shaft!
  1414 | D:2      | Reached XP level 4. HP: 29/29 MP: 7/7
  2295 | D:1      | Slain by a gnoll

Skill      XL: |  1  2  3  4 |
---------------+-------------+-----
Spellcasting   | 2 |  2.3
Dodging        | 3 |  3.3
Long Blades    | 3 |  3.0
Fighting       | |  1.7
Armour         | |  1.1
Charms         | |  3.2

Action                   |  1- 3 |  4- 6 || total
-------------------------+-------+-------++-------
Melee: Falchion          |   108 |    33 ||   141
Throw: Stone             |    11 |       ||    11
 Cast: Infusion          |       |     1 ||     1
 Stab: Sleeping          |     1 |       ||     1
       Distracted        |     1 |       ||     1
  Eat: Chunk             |     2 |     2 ||     4
Armor: Leather armour    |    23 |     9 ||    32
Dodge: Dodged            |   105 |    43 ||   148
       Rpst.: Falchion   |    33 |    14 ||    47
